 Dungeon Crawl Stone Soup version 0.30.1-4-g462c640d31 (webtiles) character file.

Game seed: 1231909995825085011

557 HagarQim the Conjurer (level 7, 0/45 HPs)
             Began as an Octopode Conjurer on Sept 12, 2023.
             Slain by Pikel
             ... wielding a +0 whip of electrocution
              (9 damage)
             ... on level 4 of the Dungeon.
             The game lasted 00:11:21 (5291 turns).

HagarQim the Conjurer (Octopode Conjurer)           Turns: 5291, Time: 00:11:22

Health: 0/45       AC:  2    Str:  6    XL:     7   Next: 30%
Magic:  11/11      EV: 14    Int: 23    God:
Gold:   218        SH:  0    Dex: 16    Spells: 9/12 levels left

rFire   . . .        a - +3 hand axe (drain)
rCold   . . .        (no shield)
rNeg    . . .        b - +1 hat
rPois   .            i - amulet of the acrobat
rElec   .            v - +6 ring of dexterity
rCorr   .            (no ring)
SInv    .            (no ring)
Will    .....        (no ring)
Stlth   ++++         (no ring)
HPRegen 0.27/turn    (no ring)
MPRegen 0.12/turn    (no ring)
                     (no ring)

%: acrobat
@: about to teleport
A: almost no armour, amphibious, 8 rings, camouflage 1, gelatinous body 1,
(nimble swimmer 1), tentacles
a: no special abilities


You were on level 4 of the Dungeon.
You visited 1 branch of the dungeon, and saw 4 of its levels.

You collected 218 gold pieces.

Inventory:

Hand Weapons
 a - a +3 hand axe of draining (weapon)
 h - a +0 dagger
 u - a +3 quarterstaff of chaos
Missiles
 j - 6 datura-tipped darts
 n - a throwing net
Armour
 b - a +1 hat (worn)
Jewellery
 i - an amulet of the acrobat (around mantle)
 v - a +6 ring of dexterity (left tentacle)
Wands
 m - a wand of roots (10)
 r - a wand of quicksilver (13)
 y - a wand of flame (15)
Scrolls
 g - a scroll of enchant weapon
 w - a scroll of immolation {unknown}
Potions
 c - 4 potions of brilliance
 d - a potion of haste {unknown}
 e - a potion of lignification {unknown}
 f - 4 potions of curing
 k - a potion of heal wounds {unknown}
 l - a potion of attraction {unknown}
 o - a potion of cancellation {unknown}
 q - a potion of mutation {unknown}
 s - a potion of magic
 t - a potion of degeneration {unknown}
 x - a potion of flight {unknown}
 z - 2 potions of ambrosia {unknown}


   Skills:
 * Level 2.9 Fighting
 + Level 0.6 Short Blades
 + Level 2.0 Axes
 + Level 2.7 Dodging
 + Level 4.0 Stealth
 + Level 3.2 Spellcasting
 + Level 5.6 Conjurations
 + Level 2.1 Transmutations
 * Level 0.9 Poison Magic


You had 9 spell levels left.
You knew the following spells:

 Your Spells              Type           Power      Damage    Failure   Level
a - Magic Dart            Conj           100%       1d8       1%          1
b - Searing Ray           Conj           58%        2d6       1%          2

Your spell library contained the following spells:

 Spells                   Type           Power      Damage    Failure   Level
 Beastly Appendage        Tmut           26%        N/A       4%          1
 Wereblood                Tmut           13%        N/A       7%          2
 Dazzling Flash           Conj/Hex       32%        N/A       11%         3
 Slow                     Hex            12%        N/A       12%         1
 Spider Form              Tmut/Pois      10%        N/A       19%         3
 Confusing Touch          Hex            3%         N/A       34%         3
 Inner Flame              Hex/Fire       3%         N/A       34%         3
 Vampiric Draining        Necr           3%         2d6       34%         3
 Flame Wave               Conj/Fire      16%        2d7       34%         4
 Fulminant Prism          Conj/Hex       8%         3d7       34%         4
 Iskenderun's Mystic Bla  Conj/Tloc      16%        2d5       34%         4
 Sticky Flame             Conj/Fire      16%        2d4       34%         4


Dungeon Overview and Level Annotations

Branches:
Dungeon (4/15)
 Temple: D:4-7

Altars:
Xom

Annotations:
D:2 Jessica
D:4 Pikel


Innate Abilities, Weirdness & Mutations

You cannot wear most types of armour.
You are amphibious.
You can wear up to eight rings at the same time.
Your skin changes colour to match your surroundings (Stealth+).
Your rubbery body absorbs attacks. (AC +1, EV +1)
((You are camouflaged when in or above water. (Stealth+)))
You have tentacles for arms and can constrict up to eight enemies at once.


Message History

The kobold shouts!
The kobold throws a stone.
The stone hits you.
Things that are here:
a +0 whip; 5 poisoned darts; a kobold corpse You hit the kobold.
You kill the kobold!
Things that are here:
a +0 short sword; 2 stones HP restored.
You see here a black bear skeleton.
Found a shimmering altar of Xom.
You pick up a book of Debilitation and begin reading...
You add the spells Slow, Vampiric Draining and Confusing Touch to your library.
Okay, then.
The lemure shouts!
You hit the lemure but do no damage. You grab the lemure.
You squeeze the lemure, but do no damage.
You constrict the lemure, but do no damage.
You hear a shout!
The lemure hits you.
You hit the lemure but do no damage. You constrict the lemure.
The lemure closely misses you.
You hit the lemure.
The lemure is lightly wounded.
You constrict the lemure. The lemure hits you.
You hit the lemure but do no damage. You squeeze the lemure.
The lemure is moderately wounded.
You constrict the lemure. The lemure hits you. The lemure misses you.
You hit the lemure. You squeeze the lemure.
The lemure is heavily wounded.
You hit Pikel but do no damage. You constrict the lemure.
Pikel hits you with a +0 whip of electrocution!
You are electrocuted!
* * * LOW HITPOINT WARNING * * *
The lemure misses you.
As you read the scroll labelled KOYHIRH PUAJU, it crumbles to dust.
You feel strangely unstable.
It was a scroll of teleportation.
You constrict the lemure.
Pikel hits you with a +0 whip of electrocution!
You die...

#.# #.[...##...†.##..#
#.#######......##8.8##...#
#...............##'#####..
#########..........# #...
#.............###### #.##
#.###########.# #.#.
#.##........#.# #.#.
#.##.######.#.#########.#.
#.##.#...@K...........#.#.
#5##.#...5#.#.#######.#.#.
#5##.#....#.#.#.....#.#.#.
#.##.#.####.#.#.##.##.#.##
#.##.#......#.#.#......55.
#.##.########.#.#####.#.##
#.##..........#.......#.#
##.#####################.#
#......55................#


You could see Pikel and a lemure.

Vanquished Creatures
  A black bear (D:4)
  3 lemures
  Blork the orc (D:4)
  A phantom (D:4)
  A gnoll bouda (D:4)
  Crazy Yiuf (D:3)
  2 orc priests (D:3)
  An orc wizard (D:3)
  4 gnolls
  7 adders
  2 worms (D:2)
  2 dart slugs
  7 orcs (D:3)
  8 ball pythons
  6 bats
  4 endoplasms
  2 giant cockroaches (D:1)
  6 goblins
  6 hobgoblins
  3 jackals (D:2)
  3 quokkas
  A frilled lizard (D:2)
  6 kobolds
  4 rats
82 creatures vanquished.

Notes
Turn   | Place    | Note
-------+----------+-------------------------------------------
     0 | D:1      | HagarQim the Octopode Conjurer began the quest for the Orb.
     0 | D:1      | Reached XP level 1. HP: 11/11 MP: 3/3
   229 | D:1      | Reached XP level 2. HP: 17/17 MP: 1/5
   232 | D:1      | Learned a level 2 spell: Searing Ray
   526 | D:1      | Reached XP level 3. HP: 21/21 MP: 0/6
  1901 | D:2      | Reached skill level 1 in Fighting
  1901 | D:2      | Reached XP level 4. HP: 26/28 MP: 1/7
  2027 | D:2      | Noticed Jessica
  2138 | D:3      | Reached skill level 5 in Conjurations
  2321 | D:3      | Reached XP level 5. HP: 22/34 MP: 3/8
  2554 | D:3      | Reached skill level 1 in Transmutations
  2838 | D:3      | Found a runed translucent door.
  2839 | D:3      | Noticed Crazy Yiuf
  2850 | D:3      | Killed Crazy Yiuf
  2851 | D:3      | Reached XP level 6. HP: 3/39 MP: 4/10
  3798 | D:4      | Reached skill level 1 in Axes
  4243 | D:4      | Noticed Pikel
  4433 | D:3      | HP: 1/41 [lemure[Pikel] (7)]
  4631 | D:4      | Noticed Blork the orc
  4643 | D:4      | Killed Blork the orc
  4644 | D:4      | Reached XP level 7. HP: 39/45 MP: 11/11
  5171 | D:4      | Found a shimmering altar of Xom.
  5291 | D:4      | Slain by Pikel

Illustrated notes

Levels and vault maps discovered:
D:1:      lemuel_arrival_muddy, layout_basic
D:2:      layout_basic, uniq_jessica
D:3:      layout_basic, chequers_garden, uniq_crazy_yiuf_cottage
D:4:      layout_basic, mainiacjoe_overflow_alcove_1, dk_noncrumbling_4,
          uniq_blork_the_orc, uniq_pikel

Skill      XL: |  1  2  3  4  5  6  7 |
---------------+----------------------+-----
Fighting       | 1 2 |  2.9
Conjurations   | 5 |  5.6
Stealth        | 3 4 |  4.0
Transmutations | 1 2 |  2.1
Axes           | 1 2 |  2.0
Spellcasting   | 3 |  3.2
Short Blades   | |  0.6
Dodging        | |  2.7
Poison Magic   | |  0.9

Action                     |  1- 3 |  4- 6 |  7- 9 || total
---------------------------+-------+-------+-------++-------
  Melee: Dagger            |    22 |    12 |       ||    34
         Constrict         |     4 |    14 |     1 ||    19
         Tentacles         |     3 |    13 |     3 ||    19
         Hand axe          |       |    58 |     7 ||    65
   Cast: Magic Dart        |    55 |    48 |     2 ||   105
         Searing Ray       |       |    12 |     2 ||    14
    Use: Scroll            |       |     8 |     1 ||     9
         Potion            |       |     1 |       ||     1
   Stab: Sleeping          |       |     6 |     1 ||     7
 Armour: Skin              |     1 |     3 |       ||     4
  Dodge: Dodged            |    14 |    63 |     3 ||    80
